 Dungeon Crawl Stone Soup version 0.31-a0-559-g03b8d61ab2 (webtiles) character file.

Game seed: 17591361566837355218

55 Ethylacetat the Insei (level 3, -2/25 HPs)
             Began as an Octopode Gladiator on Aug 17, 2023.
             Slain by a frilled lizard (3 damage)
             ... on level 3 of the Dungeon.
             The game lasted 00:01:26 (1510 turns).

Ethylacetat the Insei (Octopode Gladiator)          Turns: 1510, Time: 00:01:26

Health: -2/25      AC:  1    Str: 13    XL:     3   Next: 93%
Magic:  3/3        EV: 14    Int: 10    God:
Gold:   105        SH:  0    Dex: 15    Spells: 2/2 levels left

rFire   . .          .
                       - Unarmed
rCold   . . .        (no shield)
rNeg    . . .        a - +0 hat
rPois   .            (no amulet)
rElec   .            (no ring)
rCorr   .            (no ring)
SInv    .            (no ring)
Will    .....        (no ring)
Stlth   ++           (no ring)
HPRegen 0.24/turn    (no ring)
MPRegen 0.08/turn    (no ring)
                     (no ring)

%: no passive effects
@: lethally poisoned (-2 -> -12)
A: almost no armour, amphibious, 8 rings, camouflage 1, gelatinous body 1,
(nimble swimmer 1), tentacles
a: no special abilities


You were on level 3 of the Dungeon.
You visited 1 branch of the dungeon, and saw 3 of its levels.

You collected 105 gold pieces.

Inventory:

Missiles
 b - 3 throwing nets (quivered)
 c - a javelin
Armour
 a - a +0 hat (worn)
Jewellery
 j - a ring of wizardry
 k - an amulet of magic regeneration
Scrolls
 d - a scroll of blinking {unknown}
 e - 3 scrolls of identify {unknown}
 h - 2 scrolls of enchant weapon {unknown}
 l - a scroll of noise {unknown}
Potions
 f - a potion of enlightenment {unknown}
 g - a potion of curing {unknown}
 i - a potion of heal wounds {unknown}


   Skills:
 + Level 2.9 Fighting
 - Level 2.0 Throwing
 + Level 3.6 Dodging
 + Level 3.6 Unarmed Combat


You had 2 spell levels left.
You didn't know any spells.
Your spell library was empty.

Dungeon Overview and Level Annotations

Branches:
Dungeon (3/15)

Altars:


Innate Abilities, Weirdness & Mutations

You cannot wear most types of armour.
You are amphibious.
You can wear up to eight rings at the same time.
Your skin changes colour to match your surroundings (Stealth+).
Your rubbery body absorbs attacks. (AC +1, EV +1)
((You are camouflaged when in or above water. (Stealth+)))
You have tentacles for arms and can constrict up to eight enemies at once.


Message History

An adder comes into view.
A frilled lizard comes into view.
You closely miss the adder. Your grab misses the adder.
The frilled lizard hisses angrily.
The adder bites you.
You barely miss the adder. Your grab misses the adder. The adder bites you.
You tentacle-slap the adder. Your grab misses the adder.
The adder is lightly wounded.
The adder bites you.
You are poisoned.
The adder poisons you!
You closely miss the adder. Your grab misses the adder. You squeeze the adder!
The adder is almost dead.
You feel sick. The adder bites you.
You are more poisoned.
The adder poisons you! The frilled lizard closely misses you.
The adder bites you.
You are lethally poisoned!
The adder poisons you!
You closely miss the adder. Your grab misses the adder.
The adder is almost dead.
You feel very sick. The frilled lizard closely misses you.
The adder misses you.
Unknown command.
You closely miss the adder. Your grab misses the adder.
The adder is almost dead.
* * * LOW HITPOINT WARNING * * *
You feel very sick.
The frilled lizard bites you but does no damage.
The adder misses you.
Unknown command.
You miss the adder. You grab the adder.
The adder is almost dead.
You constrict the adder.
* * * LOW HITPOINT WARNING * * *
You feel sick. The adder bites you.
* * * LOW HITPOINT WARNING * * *
You are more poisoned.
The adder poisons you! The frilled lizard bites you.
You die...

## #####...S## .
#...#$.....# #.
#...##.....### .##
#...##.....#.# ..
#..?##.##...$. #.
#.............
.#.#.#l##............#
......S@.............#
.#.#.#.).............#
#.................#
#........##<#.#.###
##..........#.# #
...............
...............##
...........#####
....###.


You could see an adder and a frilled lizard.

Vanquished Creatures
  2 adders
  A dart slug (D:1)
  2 ball pythons
  3 endoplasms
  4 hobgoblins
  4 jackals (D:1)
  2 kobolds (D:1)
  3 quokkas
  A bat (D:3)
  A frilled lizard (D:1)
  3 goblins
  7 rats
33 creatures vanquished.

Notes
Turn   | Place    | Note
-------+----------+-------------------------------------------
     0 | D:1      | Ethylacetat the Octopode Gladiator began the quest for the
                  | Orb.
     0 | D:1      | Reached XP level 1. HP: 14/14 MP: 1/1
    54 | D:1      | Reached XP level 2. HP: 15/19 MP: 2/2
   286 | D:1      | Reached XP level 3. HP: 25/25 MP: 3/3
  1510 | D:3      | HP: 1/25 [adder (3)]
  1510 | D:3      | Slain by a frilled lizard

Illustrated notes

Levels and vault maps discovered:
D:1:      eino_arrival_water_cross, layout_rooms, chequers_jeans
D:2:      layout_basic, roderic_lattice_a
D:3:      kennysheep_the_goblin_king, layout_basic, uniq_natasha

Action                     || total
---------------------------++-------
  Melee: Unarmed           ||    75
         Constrict         ||    20
         Tentacles         ||    16
         Punch             ||     1
   Stab: Sleeping          ||     6
 Armour: Skin              ||     5
  Dodge: Dodged            ||    52

Table legend: (Time is in decaauts)
 A = Elapsed time spent in this place.
 B = Non-inter-level travel time spent in this place.
 C = Inter-level travel time spent in this place.
 D = Time resting spent in this place.
 E = Time spent auto-exploring this place.
 F = Levels seen in this place.
 G = Mean time per level.
                   A        B        C        D        E       F      G
               +--------+--------+--------+--------+--------+-----+--------+
         Total |   1504 |   1444 |     60 |      0 |   1255 |   3 |  501.3 |
       Dungeon |   1504 |   1444 |     60 |      0 |   1255 |   3 |  501.3 |
               +--------+--------+--------+--------+--------+-----+--------+

Top non-repeatable levels by time:
     D:2: 859 daAuts
     D:1: 537 daAuts
     D:3: 107 daAuts
